cohdb
Replays
Latest Replays
All Replays
Popular Replays
Top Player Replays
Match Explorer
How It Works
Community
CoH3 Stats
Reddit
Sign in to upload your games and track your stats! →
Sign in with Steam
Pls do not spam only one unit
Match 25413380
Overview
Messages
Build Orders
End
Selects Italian Coastal Battlegroup
Selects Coastal Reserves
Coastal Reserve
Construct Infanterie Kompanie
MG 42 Machine Gun Team
GrW 34 Mortar Team
Construct Panzergrenadier Kompanie
251 Medium Carrier
Selects Artillery Officer
251 Medium Carrier
Artillery Officer
Medical Station
Selects Support Bunkers
Pak 40 Anti-tank Gun Team
MG 42 Bunker
Selects Rapid Fortifications
Rapid Fortifications
Support Elements
Selects Coastal Wall
Coastal Reserve
Anti-tank Bunker
Nebelwerfer 42 Rocket Launcher Team
Rapid Fortifications
Anti-tank Bunker
1292520932
[EASY] CLUBs37
AirborneDivision
Łukaszkiller448947 POLAND!!!
Bobert
TavernelloIndustries®
dropzee
Vertionix
0
0
Comments
sign in to comment!
No comments posted yet!